Selects Australian Defense Battlegroup
Selects Australian Light Infantry Section
Australian Light Infantry Section
Construct Section Command Post
Australian Light Infantry Section
Australian Light Infantry Section
Construct Platoon Command Post
Selects CMP 15cwt Supply Run
Unlock M3 Stuart Light Tanks
Construct Company Command Post
Australian Light Infantry Section
Selects Reinforced Resource Caches
Selects 2-pounder Anti-tank Gun Team
Selects Charged Creeping Barrage